 Dungeon Crawl Stone Soup version 0.19.1-1-g22dce08 (webtiles) character file.

72 12san the Sneak (level 4, -2/30 HPs)
             Began as an Octopode Assassin on Jan 7, 2017.
             Slain by a worm (10 damage)
             ... on level 2 of the Dungeon.
             The game lasted 00:13:28 (1406 turns).

12san the Sneak (Octopode Assassin)                 Turns: 1406, Time: 00:13:28

Health: -2/30      AC:  1    Str: 10    XL:     4   Next: 26%
Magic:  4/4        EV: 13    Int: 13    God:
Gold:   60         SH:  0    Dex: 14    Spells: 0 memorised, 3 levels left

rFire  . . .     SeeInvis .     a - +2 dagger
rCold  . . .     Gourm    .     (no shield)
rNeg   . . .     Faith    .     (helmet restricted)
rPois  .         Spirit   .     (no amulet)
rElec  .         Reflect  .     (no ring)
rCorr  .         Harm     .     (no ring)
MR     .....                    (no ring)
Stlth  ++++......               (no ring)
                                (no ring)
                                (no ring)
                                (no ring)
                                (no ring)

@: no status effects
A: almost no armour, stealthy swim, amphibious, 8 rings, constrict 8, camouflage
1, gelatinous body 1
a: no special abilities


You were on level 2 of the Dungeon.
You were not hungry.

You visited 1 branch of the dungeon, and saw 3 of its levels.

You collected 60 gold pieces.

Inventory:

Hand Weapons
 a - a +2 dagger (weapon)
 b - a +0 blowgun
Missiles
 c - 8 poisoned needles
 d - 2 curare-tipped needles
Scrolls
 e - a scroll of recharging {unknown}
 f - a scroll of enchant weapon {unknown}
 g - a scroll of remove curse {unknown}
 h - 2 scrolls of random uselessness {unknown}
 j - a scroll of identify {unknown}
 k - a scroll of enchant armour {unknown}
 m - a scroll of fog {unknown}
 o - a scroll of amnesia {unknown}
 p - a scroll of immolation {unknown}
 q - a scroll of blinking {unknown}
Potions
 l - a potion of berserk rage {unknown}
 n - a potion of might
Comestibles
 i - a meat ration


   Skills:
 + Level 2.6 Fighting
 + Level 2.6 Short Blades
 + Level 2.0 Throwing
 + Level 1.2 Dodging
 + Level 6.6 Stealth


You had 3 spell levels left.
You didn't know any spells.

Dungeon Overview and Level Annotations

Branches:
Dungeon (3/15)

Altars:
Nemelex Xobeh


Innate Abilities, Weirdness & Mutations

You cannot wear most types of armour.
You are very stealthy in the water. (Stealth+)
You are amphibious.
You can wear up to eight rings at the same time.
You can use your tentacles to constrict eight enemies at once.
Your skin changes colour to match your surroundings (Stealth+).
Your rubbery body absorbs attacks. (AC +1, EV +1)


Message History

You closely miss the goblin. You grab the goblin. You squeeze the goblin.
The goblin is severely wounded.
You constrict the goblin, but do no damage.
The goblin hits you with a club.
* * * LOW HITPOINT WARNING * * *
You release your grip on the goblin.
You barely miss the goblin. Your grab misses the goblin.
The goblin is severely wounded.
The goblin closely misses you.
You closely miss the goblin. Your grab misses the goblin.
The goblin is severely wounded.
The goblin hits you but does no damage.
There is a stone staircase leading up here.
The goblin closely misses you.
You climb upwards.
There is a stone staircase leading down here.
You miss the goblin. Your grab misses the goblin. You squeeze the goblin.
You kill the goblin!
The worm bites you!
You die...

P.._[.♣P♣♣ ..# #.# .........♣♣.
## #.# P#...#..P..♣ #.#
.......♣.♣.♣ #.# .P.#..8P.♣.♣###
#.# ........♣..P..#####.##
..P..).♣.♣♣P♣........#
P.....P♣.P♣...#####..# ########
♣..♣..♣♣♣♣♣♣P..)@w...# #.......
P.♣..P§P.§♣.♣.#####..#####)######
P..P♣...§.§♣♣§# ##.............##
.♣PPP..♣♣♣♣§§§###.....####.......
.P♣P.♣♣..♣♣♣§§.......## #####.##
♣♣♣♣♣..P♣♣♣P♣######.## #.#
..♣.P.♣..P♣..# #.# #.#
...♣.♣P♣♣♣.♣.# #.# ##.##
.♣♣♣♣♣♣P♣♣♣♣.## ##'## ##...#


You could see a worm.

Vanquished Creatures
  2 adders
  A gnoll (D:2)
  2 leopard geckos (D:1)
  2 ball pythons (D:1)
  A giant cockroach (D:2)
  5 hobgoblins
  6 kobolds
  5 quokkas (D:2)
  2 bats
  8 frilled lizards
  2 goblins (D:2)
  6 rats
42 creatures vanquished.

Notes
Turn   | Place    | Note
-------+----------+-------------------------------------------
     0 | D:1      | 12san the Octopode Assassin began the quest for the Orb.
     0 | D:1      | Reached XP level 1. HP: 14/14 MP: 1/1
    90 | D:1      | Reached XP level 2. HP: 4/19 MP: 2/2
   473 | D:2      | Reached skill level 6 in Stealth
   473 | D:2      | Reached XP level 3. HP: 25/25 MP: 3/3
   689 | D:2      | Found a sparkling altar of Nemelex Xobeh.
  1244 | D:2      | Reached XP level 4. HP: 16/30 MP: 4/4
  1406 | D:2      | Slain by a worm

Skill      XL: |  1  2 |
---------------+-------+-----
Stealth        | 6 |  6.6
Fighting       | |  2.6
Short Blades   | |  2.6
Throwing       | |  2.0
Dodging        | |  1.2

Action                   |  1- 3 |  4- 6 || total
-------------------------+-------+-------++-------
Melee: Dagger            |    91 |    16 ||   107
       Constrict         |    22 |     8 ||    30
       Tentacles         |    13 |     4 ||    17
  Use: Potion            |       |     2 ||     2
 Stab: Sleeping          |    14 |     1 ||    15
       Distracted        |     1 |       ||     1
  Eat: Bread ration      |     1 |       ||     1
Armor: Skin              |     1 |     1 ||     2
Dodge: Dodged            |    24 |     7 ||    31
